 Dungeon Crawl Stone Soup version 0.25-a0-110-ge29c8f2358 (webtiles) character file.

Game seed: 13123389816491505077, levelgen mode: deterministic

497 Leeroy the Slasher (level 6, -3/48 HPs)
             Began as a Draconian Skald on Nov 19, 2019.
             Was an Initiate of Okawaru.
             Slain by an orc priest
             ... wielding a +0 club
              (5 damage)
             ... on level 5 of the Dungeon.
             The game lasted 00:10:05 (5592 turns).

Leeroy the Slasher (Draconian Skald)                Turns: 5592, Time: 00:10:06

Health: -3/48      AC:  6    Str: 18    XL:     6   Next: 93%
Magic:  9/9        EV: 12    Int: 13    God:    Okawaru [......]
Gold:   167        SH:  0    Dex: 13    Spells: 2/9 levels left

rFire    . . .     SeeInvis .   A - +0 dire flail
rCold    . . .     Gourm    .   (shield currently unavailable)
rNeg     . . .     Faith    .   (armour unavailable)
rPois    .         Spirit   .   (helmet restricted)
rElec    .         Reflect  .   (no cloak)
rCorr    .         Harm     .   (no gloves)
MR       .....                  (no boots)
Stlth    +.........             (no amulet)
HPRegen  0.16/turn              b - +1 ring of slaying
MPRegen  0.11/turn              (no ring)

@: mighty, lethally poisoned (-3 -> -4)
A: unfitting armour, cold-blooded, AC +6
a: Renounce Religion


You were on level 5 of the Dungeon.
You worshipped Okawaru.
Okawaru was noncommittal.
You were hungry.

You visited 1 branch of the dungeon, and saw 5 of its levels.

You collected 167 gold pieces.

Inventory:

Hand Weapons
 a - a +0 falchion
 d - a +0 short sword
 k - a +0 hunting sling
 x - a +2 vampiric dagger
 y - a +0 long sword
 A - a +0 dire flail (weapon)
Missiles
 j - 183 stones (quivered)
 l - 40 poisoned darts
 s - 7 javelins
Jewellery
 b - a +1 ring of slaying (left hand)
Wands
 t - a wand of polymorph (9)
Scrolls
 g - a scroll of enchant weapon {unknown}
 h - a scroll of magic mapping {unknown}
 m - a scroll of blinking {unknown}
 o - 4 scrolls of identify
 p - a scroll of noise {unknown}
 r - a scroll of teleportation {unknown}
 v - a scroll of amnesia {unknown}
 w - a scroll of immolation {unknown}
 z - a scroll of fear {unknown}
 B - 3 scrolls of remove curse {unknown}
Potions
 e - a potion of heal wounds {unknown}
 f - a potion of might
 i - 3 potions of berserk rage {unknown}
 n - 2 potions of haste {unknown}
 q - 4 potions of curing {unknown}
 u - 2 potions of flight {unknown}
 D - a potion of brilliance {unknown}
Comestibles
 c - 9 rations
 C - 5 chunks of flesh


   Skills:
 - Level 2.1 Fighting
 - Level 6.0 Long Blades
 - Level 2.1 Dodging
 - Level 2.0 Spellcasting
 + Level 3.8 Hexes
 - Level 2.6 Charms


You had 2 spell levels left.
You knew the following spells:

 Your Spells              Type           Power        Failure   Level  Hunger
a - Infusion              Chrm           #...         9%          1    ##.....
b - Spectral Weapon       Hex/Chrm       #.......     21%         3    ####...
c - Regeneration          Chrm/Necr      #.........   41%         3    ####...

Your spell library contained the following spells:

 Spells                   Type           Power        Failure   Level  Hunger
 Song of Slaying          Chrm           #.......     13%         2    ###....
 Shroud of Golubria       Chrm/Tloc      #.....       22%         2    ###....
 Summon Small Mammal      Summ           #...         26%         1    ##.....
 Call Imp                 Summ           #.......     36%         2    ###....
 Summon Guardian Golem    Hex/Summ       #.......     34%         3    ####...
 Call Canine Familiar     Summ           #.......     58%         3    ####...
 Summon Ice Beast         Ice/Summ       #.......     94%         4    #####..
 Summon Lightning Spire   Summ/Air       #.......     94%         4    #####..


Dungeon Overview and Level Annotations

Branches:
Dungeon (5/15)
 Temple: D:4-7

Altars:
Okawaru


Innate Abilities, Weirdness & Mutations

Your plain brown scales are hard. (AC +6)
You cannot fit into any form of body armour.
You are cold-blooded and may be slowed by cold attacks.


Message History

The orc priest is lightly wounded.
The orc priest misses you. The orc priest barely misses you.
The orc priest hits you but does no damage.
You closely miss the orc priest.
The orc priest is lightly wounded.
You hear a shout!
The orc priest hits you with a +0 mace.
The orc priest mumbles some strange prayers to Beogh against you.
Beogh smites you!
* * * LOW HITPOINT WARNING * * *
You feel very mighty all of a sudden.
You feel sick. The orc priest hits you with a +0 mace.
* * * LOW HITPOINT WARNING * * *
The orc priest misses you.
You barely miss the orc priest.
The orc priest is lightly wounded.
The orc priest hits you with a +0 mace.
* * * LOW HITPOINT WARNING * * *
The orc priest hits you with a +0 club.
You die...

### ..# ## ##.# #.#
#.#.# #.## ##.#.# #.#.#
#.#.#o#o#?# ###.#.#@#.#
..#.#.#.#o ##.#.#.#.#.
#.#.#.#.#.##
##.#.#.#.#.## ## ##
#.#.#.#.#[#.# .#.#+.
##.#.#.#.#.#.# .#.#.#.
#.#.#.#.#.#.#.#.#.#.#.#
##.#.#.#.#.#.#.#.#.#.#.


You could see 2 orc priests.

Vanquished Creatures
  A centaur (D:5)
  A crimson imp (D:5)
  A jelly (D:5)
  A hound (D:4)
  2 orc wizards (D:4)
  3 worker ants
  An iguana (D:4)
  A gnoll (D:1)
  5 adders
  2 oozes
  An adder skeleton (D:4)
  3 worms
  A dart slug (D:4)
  A leopard gecko (D:1)
  14 orcs
  4 bats
  7 giant cockroaches
  3 goblins
  10 hobgoblins
  8 jackals
  A ball python (D:3)
  7 frilled lizards
  7 kobolds
  7 rats
92 creatures vanquished.

Notes
Turn   | Place    | Note
-------+----------+-------------------------------------------
     0 | D:1      | Leeroy the Draconian Skald began the quest for the Orb.
     0 | D:1      | Reached XP level 1. HP: 17/17 MP: 3/3
    52 | D:1      | Reached XP level 2. HP: 3/24 MP: 5/5
   436 | D:1      | Reached skill level 3 in Long Blades
  1606 | D:2      | Reached XP level 3. HP: 21/29 MP: 6/6
  1611 | D:2      | Learned a level 3 spell: Spectral Weapon
  1881 | D:2      | Reached skill level 4 in Long Blades
  2427 | D:2      | Reached XP level 4. HP: 35/36 MP: 7/7
  2826 | D:2      | HP: 1/36 [orc (4)]
  3988 | D:4      | Reached skill level 5 in Long Blades
  4033 | D:4      | Reached XP level 5. HP: 29/41 MP: 1/8
  4252 | D:4      | Reached skill level 6 in Long Blades
  4554 | D:4      | Reached skill level 1 in Hexes
  4851 | D:4      | Reached XP level 6. HP: 39/48 MP: 9/9
  5047 | D:5      | Entered Level 5 of the Dungeon
  5052 | D:5      | Learned a level 3 spell: Regeneration
  5416 | D:5      | Found an iron altar of Okawaru.
  5440 | D:5      | Became a worshipper of Warmaster Okawaru
  5592 | D:5      | HP: 2/48 [orc priest/+0 mace (5)]
  5592 | D:5      | Slain by an orc priest

Levels and vault maps discovered:
D:1:      dpeg_arrival_arbitrary_b, layout_loops_ring
D:2:      layout_basic
D:3:      layout_loops_corners, first_ration
D:4:      layout_basic, kennysheep_minor_cross
D:5:      layout_basic, lemuel_temple_firewalk_a, basic_altar

Skill      XL: |  1  2  3  4  5  6 |
---------------+-------------------+-----
Long Blades    | 3 4 5 6 |  6.0
Hexes          | 1 3 |  3.8
Fighting       | |  2.1
Dodging        | |  2.1
Spellcasting   | |  2.0
Charms         | |  2.6

Action                   |  1- 3 |  4- 6 || total
-------------------------+-------+-------++-------
Melee: Falchion          |   128 |   112 ||   240
       Tailslap          |    10 |    20 ||    30
       Long sword        |       |    73 ||    73
       Dire flail        |       |    36 ||    36
 Cast: Spectral Weapon   |       |     1 ||     1
  Use: Scroll            |       |     2 ||     2
       Potion            |       |     1 ||     1
 Stab: Sleeping          |     1 |     1 ||     2
  Eat: Chunk             |     5 |    10 ||    15
Armor: Skin              |    42 |    68 ||   110
Dodge: Dodged            |   117 |   141 ||   258
       Rpst.: Falchion   |    33 |    18 ||    51
       Long sword        |       |    16 ||    16

Table legend:
 A = Non-vault XP
 B = Vault XP
 C = Vault XP percentage of total XP
 D = Non-vault monster count
 E = Vault monster count
 F = Vault count percentage of total count
                 A         B        C        D         E       F
            +---------+---------+-------+---------+---------+-------
      Total |     710 |       0 |   0.0 |      92 |       0 |   0.0
            +---------+---------+-------+---------+---------+-------
        D:1 |      38 |       0 |   0.0 |      15 |       0 |   0.0
        D:2 |      71 |       0 |   0.0 |      28 |       0 |   0.0
        D:3 |      47 |       0 |   0.0 |      16 |       0 |   0.0
        D:4 |     314 |       0 |   0.0 |      26 |       0 |   0.0
        D:5 |     240 |       0 |   0.0 |       7 |       0 |   0.0
            +---------+---------+-------+---------+---------+-------
